 Dungeon Crawl Stone Soup version 0.18.1-1-g2f07953 (webtiles) character file.

193 MDvedh the Cudgeler (level 5, -3/30 HPs)
             Began as a Gargoyle Gladiator on May 7, 2016.
             Was an Initiate of Okawaru.
             Slain by a black bear (4 damage)
             ... on level 4 of the Dungeon.
             The game lasted 00:03:11 (2751 turns).

MDvedh the Cudgeler (Gargoyle Gladiator)            Turns: 2751, Time: 00:03:11

Health: -3/30      AC: 10    Str: 19    XL:     5   Next: 72%
Magic:  5/5        EV: 12    Int:  9    God:    Okawaru [......]
Gold:   113        SH:  0    Dex: 10    Spells: 0 memorised, 4 levels left

rFire  . . .     SeeInvis .     a - +0 flail
rCold  . . .     Gourm    .     b - +0 leather armour
rNeg   + . .     Faith    .     (no shield)
rPois  ∞         Spirit   .     c - +0 helmet
rElec  +         Dismiss  .     r - +1 cloak
rCorr  .         Reflect  .     (no gloves)
SustAt .         Harm     .     (no boots)
MR     .....                    (no amulet)
Stlth  +.........               (no ring)
                                (no ring)

@: not resistant to hostile enchantments, very unstealthy
A: negative energy resistance 1, electricity resistance, unbreathing,
petrification resistance, rot immunity, AC +4
a: Renounce Religion


You were on level 4 of the Dungeon.
You worshipped Okawaru.
Okawaru was noncommittal.
You were not hungry.

You visited 1 branch of the dungeon, and saw 4 of its levels.

You collected 113 gold pieces.

Inventory:

Hand Weapons
 a - a +0 flail (weapon)
Missiles
 d - 4 throwing nets (quivered)
Armour
 b - a +0 leather armour (worn)
 c - a +0 helmet (worn)
 r - a +1 cloak (worn)
Scrolls
 e - a scroll of identify {unknown}
 g - 2 scrolls of fear {unknown}
 h - 3 scrolls of remove curse
 i - a scroll of random uselessness {unknown}
 k - a scroll of amnesia {unknown}
 m - a scroll of magic mapping {unknown}
Potions
 j - 2 potions of beneficial mutation {unknown}
 l - 3 potions of curing {unknown}
 o - 2 potions of cancellation {unknown}
Comestibles
 f - a bread ration
 n - 3 slices of pizza
 p - a meat ration


   Skills:
 - Level 2.1 Fighting
 + Level 6.2 Maces & Flails
 - Level 1.7 Throwing
 - Level 2.4 Dodging


You had 4 spell levels left.
You didn't know any spells.

Dungeon Overview and Level Annotations

Branches:
Dungeon (4/15)
 Temple: D:4-7

Altars:
Cheibriados
Dithmenos
Nemelex Xobeh
Okawaru


Innate Abilities, Weirdness & Mutations

You are resistant to torment.
Your stone body is resilient (AC +4).
You are immune to poison.
You resist negative energy.
You are resistant to electric shocks.
You can survive without breathing.
You are immune to petrification.
You are immune to rotting.


Message History

The black bear is almost dead.
The black bear bites you. The black bear claws you.
The black bear completely misses you. The black bear bites you.
The black bear claws you.
* * * LOW HITPOINT WARNING * * *
The black bear claws you but does no damage.
You barely miss the black bear.
The black bear is almost dead.
The black bear barely misses you. The black bear closely misses you.
The black bear claws you but does no damage.
Unknown command.
You hit the black bear.
The black bear is almost dead.
The black bear bites you.
* * * LOW HITPOINT WARNING * * *
The black bear claws you.
* * * LOW HITPOINT WARNING * * *
The black bear claws you but does no damage.
The black bear bites you.
You die...

#.... ..#. #... ... #..
#.. .# #.# #.. #.# #.#
.. #.# #.#
######.##.#.# #.#
#......h#.#.# #.#
#......@#.#.###.#######
#.........#....<......#
...#####..#..###......#
. ###..#...........#
#.......##.......#
#...>†..##.......#
#....†.###.#.######
#######....#.......
#....########


You could see a black bear (berserk).

Vanquished Creatures
  A crimson imp (D:3)
  An orc wizard (D:3)
  3 adders
  An ooze (D:2)
  An adder skeleton (D:3)
  4 worms
  2 dart slugs
  3 giant geckos
  11 orcs (D:3)
  3 ball pythons
  5 bats
  5 giant cockroaches
  6 hobgoblins
  3 jackals (D:3)
  4 giant newts
  6 goblins
  4 kobolds
  3 rats (D:3)
66 creatures vanquished.

Notes
Turn   | Place    | Note
--------------------------------------------------------------
     0 | D:1      | MDvedh the Gargoyle Gladiator began the quest for the Orb.
     0 | D:1      | Reached XP level 1. HP: 12/12 MP: 1/1
   159 | D:1      | Reached XP level 2. HP: 16/17 MP: 2/2
   692 | D:2      | Reached skill level 4 in Maces & Flails
   710 | D:2      | Reached XP level 3. HP: 17/21 MP: 3/3
  1165 | D:2      | Found a snail-covered altar of Cheibriados.
  1165 | D:2      | Found a shadowy altar of Dithmenos.
  1374 | D:3      | Reached skill level 5 in Maces & Flails
  1374 | D:3      | Reached XP level 4. HP: 23/26 MP: 4/4
  1379 | D:3      | Found a sparkling altar of Nemelex Xobeh.
  1980 | D:3      | Reached XP level 5. HP: 30/30 MP: 5/5
  2198 | D:3      | Reached skill level 6 in Maces & Flails
  2462 | D:3      | Found an iron altar of Okawaru.
  2469 | D:3      | Became a worshipper of Warmaster Okawaru
  2741 | D:4      | Noticed a black bear
  2751 | D:4      | HP: 1/30 [black bear (4)]
  2751 | D:4      | Slain by a black bear

Skill      XL: |  1  2  3  4  5 |
---------------+----------------+-----
Maces & Flails | 4 5 6 |  6.2
Fighting       | |  2.1
Throwing       | |  1.7
Dodging        | |  2.4

Action                   |  1- 3 |  4- 6 || total
-------------------------+-------+-------++-------
Melee: Flail             |   120 |   166 ||   286
  Use: Scroll            |     3 |       ||     3
  Eat: Beef jerky        |     1 |     1 ||     2
       Chunk             |       |     4 ||     4
Armor: Leather armour    |    57 |    86 ||   143
Dodge: Dodged            |    58 |   138 ||   196
